Cogmind - Beta 16.1 @@@ ROGUE MODE // 2026.04.12 @ 23:21:27 Player: Robotson Result: Core destroyed Performance ------------- Evolutions (5) 2500 Regions Visited (9) 1800 Robots Destroyed (89) 445 Value Destroyed (3329) 3329 Prototype IDs (14) 280 Alien Tech Used (0) 0 Bonus (500) 500 TOTAL SCORE: 8854 Bonus ------- Entered DSFs 500 Cogmind --------- Core Integrity 0/1000 Matter 177/300 Energy 520/520 System Corruption 7% Temperature Critical (715) Movement Walking (330) Ox3 Location -5/Factory Parts ------- > --- POWER (2) -------- Reinforced Fission Core Reinforced Fission Core > --- PROPULSION (5) --- Carbon-fiber Leg Carbon-fiber Leg Flexi-carbon Leg > --- UTILITY (6) ------ Improved Thermal Generator Improved Cooling System Large Storage Unit Advanced Shield Generator Component Analysis Suite > --- WEAPON (4) ------- High-powered Shock Rifle High-powered Shock Rifle Proton Cannon Heavy Plasma Cannon > --- INVENTORY (15) --- Deuterium Engine Faulty Heavy Deuterium Engine Reinforced Fission Core Advanced Cooling System Energy Well (350) Advanced Sensor Array Advanced ECM Suite Peak State ------------ > --- POWER ------------ Reinforced Fission Core Reinforced Fission Core > --- PROPULSION ------- Carbon-fiber Leg Carbon-fiber Leg Carbon-fiber Leg Carbon-fiber Leg Flexi-carbon Leg > --- UTILITY ---------- Advanced Heat Sink Advanced Heat Sink Large Storage Unit Improved Heavy Armor Plating Improved Shock Absorption System > --- WEAPON ----------- High-powered Shock Rifle Plasma Rifle Heavy Plasma Cannon Improved Heavy Machine Gun > --- INVENTORY -------- Deuterium Engine Reinforced Fission Core Improved Thermal Generator Improved Heat Sink Advanced Heat Sink Improved Cooling System Energy Well Advanced Sensor Array Advanced ECM Suite Improved Heavy Armor Plating Component Analysis Suite High-powered Shock Rifle Tesla Rifle Proton Cannon [Rating: 84] Favorites ----------- Power Ion Engine Engine Ion Engine Power Core Fission Core Propulsion Carbon-fiber Leg Treads Medium Treads Leg Carbon-fiber Leg Wheel Compact Wheel Utility Large Storage Unit Device Improved Heat Sink Storage Large Storage Unit Hackware System Shield Protection Improved Heavy Armor Plating Weapon Minigun Energy Gun Precision Beam Rifle Energy Cannon Proton Cannon Ballistic Gun Minigun Launcher Grenade Launcher Build | -11 -10 -9 -8 -7 -7 -6 -6 -6 -5 ------- Run | Yrd Mat Mat Mat Fac DSF Fac Ext Cet Fac Slots Evolved 10 | . . 2 2 2 . 2 . . 2 Power 1 | . . . 1 . . . . . . Propulsion 3 | . . 2 . . . 1 . . . Utility 4 | . . . . 1 . 1 . . 2 Weapon 2 | . . . 1 1 . . . . . Parts Attached 97 | 6 7 7 12 2 15 8 21 4 15 Power 10 | 1 . . 2 . 2 1 1 1 2 Engine 6 | 1 . . 1 . 2 . 1 1 . Core 4 | . . . 1 . . 1 . . 2 Reactor . | . . . . . . . . . . Propulsion 30 | 2 5 1 4 . 5 2 10 . 1 Treads 2 | . . . . . 2 . . . . Leg 25 | 2 2 1 4 . 3 2 10 . 1 Wheel 3 | . 3 . . . . . . . . Hover . | . . . . . . . . . . Flight . | . . . . . . . . . . Utility 28 | 1 1 2 3 1 4 2 5 1 8 Device 16 | . . 1 3 . 2 1 3 . 6 Storage 4 | 1 1 1 . . . . . 1 . Processor . | . . . . . . . . . . Hackware 2 | . . . . 1 . 1 . . . Protection 6 | . . . . . 2 . 2 . 2 Artifact . | . . . . . . . . . . Weapon 29 | 2 1 4 3 1 4 3 5 2 4 Energy Gun 12 | 1 . 2 2 1 2 . 1 1 2 Energy Cannon 5 | . . . . . . . 2 1 2 Ballistic Gun 10 | 1 . 2 . . 2 3 2 . . Ballistic Cannon . | . . . . . . . . . . Launcher 2 | . 1 . 1 . . . . . . Special Weapon . | . . . . . . . . . . Impact Weapon . | . . . . . . . . . . Slashing Weapon . | . . . . . . . . . . Piercing Weapon . | . . . . . . . . . . Special Melee Weapon . | . . . . . . . . . . Unidentified Prototypes 1 | . . 1 . . . . . . . Parts Lost 49 | . . 1 2 . 15 2 14 4 11 Power 3 | . . . . . 2 . . 1 . Propulsion 19 | . . 1 1 . 6 . 7 . 4 Utility 12 | . . . . . 3 1 3 1 4 Weapon 15 | . . . 1 . 4 1 4 2 3 Highest Loss Streak 9 | . . 1 2 . 8 1 4 4 9 To Critical Strikes 1 | . . . . . . . . 1 . Average Backups 11 | 2 8 10 14 13 11 13 12 11 12 Power 1 | . 1 3 2 2 . . 1 . 1 Propulsion 1 | 1 3 . 2 4 3 . . 2 . Utility 5 | . 1 3 4 5 6 8 7 7 7 Weapon 2 | . 1 3 4 2 . 3 3 1 2 Tool/Special . | . . . . . . . . . . Unused Backups 31 | . 2 7 7 . 3 5 3 . 4 Power 6 | . . 1 2 . . . . . 3 Propulsion 9 | . 2 4 . . 3 . . . . Utility 9 | . . 1 2 . . 3 2 . 1 Weapon 7 | . . 1 3 . . 2 1 . . Tool/Special . | . . . . . . . . . . Average Slot Usage (%) 96 | . 97 97 96 99 88 98 98 99 91 Engine 8 | . 14 11 11 7 9 11 6 10 5 Core 3 | . . . 4 7 3 . 6 2 6 Leg 30 | . 11 42 34 30 22 32 32 33 26 Wheel 1 | . 15 . . . . . . . . Device 12 | . . 7 9 8 9 17 17 15 16 Storage 9 | . 27 14 9 7 7 6 6 9 5 Protection 1 | . . . . . 3 . 2 . 5 Energy Gun 8 | . 5 6 12 23 19 6 5 8 10 Energy Cannon 2 | . . . . . . . 6 10 5 Ballistic Gun 11 | . 14 14 12 7 8 19 13 6 4 Launcher 1 | . 8 . 1 . . . . . . Peak Build Rating 84 | 6 8 16 33 38 47 58 66 66 84 Average Rating 44 | 4 7 12 28 37 38 55 60 63 77 On Entrance 33 | . 6 8 16 31 38 47 58 66 63 Avg Prop Armor Cover (%) . | . . . . . . . . . . Naked Turns . | . . . . . . . . . . Heaviest Build 117 | 13 25 33 47 45 56 60 70 72 117 Greatest Support 86 | 20 32 40 47 47 56 86 86 80 80 Greatest Overweight (x) 8 | 1 8 1 1 . 1 . 1 . 3 Average Overweight (x) . | . . . . . . . . . . Largest Inventory Capacity 15 | 8 10 15 15 15 15 15 15 15 15 Average Capacity 14 | 7 9 13 15 15 15 15 15 15 15 Most Carried 15 | 6 10 15 15 14 15 15 15 15 15 Average Carried 12 | 2 8 10 14 13 11 13 13 12 13 Final Capacity 15 | 8 10 15 15 15 15 15 15 15 15 Final Carried 15 | 6 9 14 14 14 13 15 15 11 7 Class Distribution -------------------- 40% | Scavenger-Tank 24% | Mutant 11% | Scavenger-Skirmisher 11% | Gunner 4% | Tank 3% | Scavenger-Gunner 3% | Scavenger-Mutant Dominant Class ---------------- Mutant | -10/Materials Mutant | -9/Materials Gunner | -8/Materials Gunner | -7/Factory Tank | -7/DSF Scavenger-Skirmisher | -6/Factory Scavenger-Tank | -6/Extension Scavenger-Gunner | -6/Cetus Scavenger-Tank | -5/Factory Resources | -11 -10 -9 -8 -7 -7 -6 -6 -6 -5 ----------- Run | Yrd Mat Mat Mat Fac DSF Fac Ext Cet Fac Matter Collected 2587 | 211 166 479 249 6 213 73 944 . 246 Remotely . | . . . . . . . . . . Salvage Created 4414 | . 156 598 348 48 694 231 1710 . 629 Parts 227 | . 13 36 13 6 40 8 77 . 34 Haulers Intercepted 4 | . 1 2 1 . . . . . . Recyclers Shooed 6 | . . . . . . 1 2 . 3 Parts Field Recycled . | . . . . . . . . . . Retrieved Matter . | . . . . . . . . . . Parts Self-Destructed . | . . . . . . . . . . Prevented . | . . . . . . . . . . Parts Restored . | . . . . . . . . . . Kills | -11 -10 -9 -8 -7 -7 -6 -6 -6 -5 ------- Run | Yrd Mat Mat Mat Fac DSF Fac Ext Cet Fac Combat Hostiles Destroyed 63 | . 5 6 6 . 13 5 19 . 9 Guns 44 | . 3 6 6 . 12 4 8 . 5 Cannons 12 | . . . . . . . 10 . 2 AOE 4 | . 2 . . . . 1 . . 1 Classes Destroyed 15 | . 3 6 1 . 2 1 1 . 1 Worker 7 | . . 3 . 1 . . 2 . 1 Builder 3 | . . 1 . 1 . . 1 . . Hauler 4 | . 1 2 1 . . . . . . Recycler 6 | . . 2 . . . . 3 . 1 Operator 2 | . . 1 1 . . . . . . Watcher 4 | . . 1 . . . . 2 . 1 Swarmer 11 | . 3 3 . . . . . . 5 Grunt 27 | . 2 1 5 . 6 3 10 . . Duelist 3 | . . . 1 . 1 . 1 . . Sentry 9 | . . 2 . . . . 6 . 1 Specialist 5 | . . . . . 5 . . . . Hunter 2 | . . . . . . 2 . . . Programmer 2 | . . . . . . . . . 2 Heavy 1 | . . . . . 1 . . . . Behemoth 3 | . . . . . . . 2 . 1 Best Kill Streak 8 | . 3 4 6 2 8 3 6 . 5 Combat Bots Only 8 | . 3 4 6 . 8 3 4 . 5 Max Kills in Single Turn 2 | . 1 1 1 1 2 1 1 . 2 Gunslinging 1 | . . . . . 1 . . . . Exploded 1 | . 1 . . . . 1 . . 1 Melee . | . . . . . . . . . . Uniques/NPCs Destroyed . | . . . . . . . . . . Combat | -11 -10 -9 -8 -7 -7 -6 -6 -6 -5 -------- Run | Yrd Mat Mat Mat Fac DSF Fac Ext Cet Fac Hostile Shots Fired 669 | . 54 31 42 . 138 40 217 47 100 Missed 222 | . 26 10 5 . 41 15 81 22 22 Hits 447 | . 28 21 37 . 97 25 136 25 78 Melee 1 | . . . . . 1 . . . . Projectile 446 | . 28 21 37 . 96 25 136 25 78 AOE 1 | . . . . . . . . . 1 Critical Strikes 21 | . . 1 1 . 4 1 2 4 8 Damage Taken 9046 | . 287 233 570 . 1990 520 1765 600 3081 Core 1647 | . 68 21 57 . 265 39 120 24 1053 Absorbed by Shields 216 | . . . . . 63 . 90 63 . Regen/Repaired (Parts) 84 | . . . . . . . 84 . . Core Remaining (%) 82 | 100 72 94 89 . 62 . . 78 . Volleys Fired 231 | . 31 41 24 2 26 12 64 4 27 Largest 4 | . 2 2 3 4 4 4 4 4 4 Hottest 290 | . 60 79 134 195 195 177 240 255 290 Shots Fired 714 | . 56 82 54 8 92 46 252 16 108 Gun 608 | . 48 82 52 8 92 46 201 8 71 Cannon 96 | . . . . . . . 51 8 37 Launcher 10 | . 8 . 2 . . . . . . Special . | . . . . . . . . . . Kinetic 348 | . 31 48 35 2 29 30 151 4 18 Thermal 243 | . 17 34 13 4 60 16 50 6 43 Explosive 10 | . 8 . 2 . . . . . . Electromagnetic 113 | . . . 4 2 3 . 51 6 47 Robot Hit Streak 16 | . 9 7 10 3 10 8 11 5 16 Robot Miss Streak 5 | . 4 5 4 1 2 3 4 3 5 Penetration Max . | . . . . . . . . . . Secondary Targets 11 | . . 1 3 . 6 . 1 . . Max Gunslinging Chain 2 | . . 1 1 . 2 . 1 . . Shots Hit Robots 442 | . 32 47 36 3 73 25 156 10 60 Core Hits 181 | . 9 21 17 2 28 12 64 2 26 Critical Kills 1 | . . 1 . . . . . . . Critical Parts Destroyed 1 | . . . 1 . . . . . . Critical Strikes 19 | . . 4 2 . 4 . 6 . 3 Burn 16 | . . 3 1 . 4 . 6 . 2 Destroy 2 | . . 1 1 . . . . . . Corrupt 1 | . . . . . . . . . 1 Melee Attacks . | . . . . . . . . . . Impact . | . . . . . . . . . . Slashing . | . . . . . . . . . . Piercing . | . . . . . . . . . . Sneak Attacks . | . . . . . . . . . . Combat Hostiles . | . . . . . . . . . . Follow-up Attacks . | . . . . . . . . . . Damage Inflicted 9724 | . 653 660 757 52 1326 962 3537 276 1501 Guns 6915 | . 348 660 637 52 1326 373 2517 137 865 Cannons 1698 | . . . . . . . 954 139 605 Explosions 1111 | . 305 . 120 . . 589 66 . 31 Melee . | . . . . . . . . . . Ramming . | . . . . . . . . . . Kinetic 3655 | . 235 303 397 . 362 237 1779 93 249 Thermal 4107 | . 113 357 200 35 934 725 804 76 863 Explosive 425 | . 305 . 120 . . . . . . Electromagnetic 1537 | . . . 40 17 30 . 954 107 389 Impact . | . . . . . . . . . . Slashing . | . . . . . . . . . . Piercing . | . . . . . . . . . . Highest Corruption 7 | . . . . . . . . . 7 Average Corruption 2 | . . . . . . . . . 2 Corruption Purged . | . . . . . . . . . . Corruption Blocked . | . . . . . . . . . . Effects 12 | . . . . . . . . . 12 Message Errors 2 | . . . . . . . . . 2 Matter Fused 3 | . . . . . . . . . 3 Heat Flow Errors 1 | . . . . . . . . . 1 Energy Discharges 2 | . . . . . . . . . 2 Misfires 2 | . . . . . . . . . 2 Weapon Failures 2 | . . . . . . . . . 2 Overload Shots . | . . . . . . . . . . Overflow Damage 176 | . 32 . 13 . . 105 23 . 3 Projectiles 26 | . . . . . . . 23 . 3 Explosions 150 | . 32 . 13 . . 105 . . . Melee . | . . . . . . . . . . Knockbacks . | . . . . . . . . . . Impact . | . . . . . . . . . . Kinetic . | . . . . . . . . . . Secondary . | . . . . . . . . . . Self-Inflicted Damage 164 | . 42 . . . . 69 . . 53 Shots 5 | . 3 . . . . 1 . . 1 Rammed . | . . . . . . . . . . Targets Rammed . | . . . . . . . . . . Kicked . | . . . . . . . . . . Crushed . | . . . . . . . . . . Highest Temperature 849 | . 42 78 419 192 532 27 383 177 849 Average Temperature 135 | . 21 24 174 100 160 10 111 65 254 Received Heat Transfer 1673 | . 42 57 351 . 549 48 497 45 84 Effects 42 | . . . 4 . 5 . 6 . 27 Shutdowns 10 | . . . 1 . 1 . 2 . 6 Energy Bleed 2 | . . . . . . . 1 . 1 Interference 8 | . . . . . 4 . 3 . 1 Matter Decay 3 | . . . 1 . . . . . 2 Short Circuit 2 | . . . . . . . . . 2 Damage (minor) 4 | . . . 2 . . . . . 2 Damage (major) 7 | . . . . . . . . . 7 Damage (core) 6 | . . . . . . . . . 6 Siege Activations . | . . . . . . . . . . Martial Activations . | . . . . . . . . . . Shielding Activations . | . . . . . . . . . . Robots Disrupted . | . . . . . . . . . . Combat Hostiles . | . . . . . . . . . . Robots Corrupted 1 | . . . . . . . 1 . . Combat Hostiles 1 | . . . . . . . 1 . . Parts Fried 2 | . . . . . . . 2 . . Impact Corruptions . | . . . . . . . . . . Robots Melted 2 | . . . . . 1 . . . 1 Combat Hostiles 2 | . . . . . 1 . . . 1 Parts Melted 16 | . 1 4 1 . 6 . 2 . 2 Heat Transferred 8737 | . 250 1147 444 74 2294 596 2132 150 1650 Parts Sabotaged . | . . . . . . . . . . Parts Stolen . | . . . . . . . . . . Parts Stripped . | . . . . . . . . . . Power Chain Reactions 2 | . . . . . . . 1 . 1 Alert | -11 -10 -9 -8 -7 -7 -6 -6 -6 -5 ------- Run | Yrd Mat Mat Mat Fac DSF Fac Ext Cet Fac Maximum Alert Level 1 | . . . . . 1 1 . . . Low Security (%) 90 | 100 100 100 100 100 78 30 100 100 100 Level 1 9 | . . . . . 21 69 . . . Level 2 . | . . . . . . . . . . Level 3 . | . . . . . . . . . . Level 4 . | . . . . . . . . . . Level 5 . | . . . . . . . . . . High Security . | . . . . . . . . . . Max Security . | . . . . . . . . . . Sterilizations 1 | . . . . . 1 . . . . Peak Influence 313 | . 80 112 132 29 210 313 156 71 135 Initial 109 | . . 25 9 29 . 109 79 71 20 Average 70 | . 19 39 73 9 80 220 75 42 37 Influence Increases 2228 | . 176 256 226 11 315 296 559 46 343 Destroy 0b10 Robot/C 1260 | . 100 120 120 . 260 100 380 . 180 Destroy 0b10 Robot/NC 130 | . 5 50 10 10 . . 40 . 15 Destroy Leader 276 | . 32 46 22 . 40 20 64 . 52 Successful Hack 120 | . 5 10 17 . . 12 58 . 18 Disable Machine 210 | . 15 . 30 . . 90 15 . 60 Destroy Structure 142 | . 19 . 27 1 . 74 2 1 18 Lose Combat Pursuer 90 | . . 30 . . 15 . . 45 . Influence Decreases 2217 | . 116 293 183 77 105 343 594 137 369 Entered New Map 345 | . . 35 14 37 . 101 84 57 17 Time Decay 1467 | . 116 248 149 40 . 222 380 40 272 Lost Part 405 | . . 10 20 . 105 20 130 40 80 Squads Dispatched 17 | . 2 2 1 . 3 3 4 . 2 Investigation . | . . . . . . . . . . Extermination 1 | . . . . . . . . . 1 Reinforcement 16 | . 2 2 1 . 3 3 4 . 1 Assault . | . . . . . . . . . . Garrison . | . . . . . . . . . . Intercept . | . . . . . . . . . . Searches Triggered . | . . . . . . . . . . Construction Impeded 3 | . . . . . . 1 2 . . Haulers Reinforced . | . . . . . . . . . . Active Scanning Responses . | . . . . . . . . . . Cargo Convoy Interrupts . | . . . . . . . . . . Stealth | -11 -10 -9 -8 -7 -7 -6 -6 -6 -5 --------- Run | Yrd Mat Mat Mat Fac DSF Fac Ext Cet Fac Distress Signals 2 | . . 1 . . . . . 1 . Communications Jammed . | . . . . . . . . . . Distress Signals . | . . . . . . . . . . Times Spotted 105 | . 12 15 9 . 18 7 24 6 14 Peak Tracking Total 6 | . 3 5 5 . 6 3 4 5 5 Tactical Retreats 5 | . . 2 . . 1 . . 2 . ECM-based Alert Blocks 1 | . . 1 . . . . . . . Traps | -11 -10 -9 -8 -7 -7 -6 -6 -6 -5 ------- Run | Yrd Mat Mat Mat Fac DSF Fac Ext Cet Fac Traps Triggered 5 | . . . . . 2 . 2 . 1 Indirectly . | . . . . . . . . . . Trap Hack Attempts . | . . . . . . . . . . Triggered . | . . . . . . . . . . Disarmed . | . . . . . . . . . . Reprogrammed . | . . . . . . . . . . Reused . | . . . . . . . . . . Traps Extracted . | . . . . . . . . . . Installed . | . . . . . . . . . . Triggered . | . . . . . . . . . . Machines | -11 -10 -9 -8 -7 -7 -6 -6 -6 -5 ---------- Run | Yrd Mat Mat Mat Fac DSF Fac Ext Cet Fac Machines Disabled 14 | . 1 . 2 . . 6 1 . 4 Max in Single Turn 4 | . 1 . 2 . . 4 1 . 1 Machines Repaired . | . . . . . . . . . . Machines Dismantled . | . . . . . . . . . . Machines Sabotaged . | . . . . . . . . . . Overloaded Fab Kills . | . . . . . . . . . . Hacking | -11 -10 -9 -8 -7 -7 -6 -6 -6 -5 --------- Run | Yrd Mat Mat Mat Fac DSF Fac Ext Cet Fac Machines Accessed 29 | . 1 6 2 3 . 4 9 . 4 Terminals 19 | . 1 4 1 1 . 1 8 . 3 Fabricators 1 | . . . . . . 1 . . . Repair Stations 2 | . . . . . . 1 1 . . Recycling Units 5 | . . 1 . 2 . 1 . . 1 Scanalyzers 2 | . . 1 1 . . . . . . Garrison Access . | . . . . . . . . . . Total Hacks 73 | . 3 18 7 8 . 8 20 . 9 Successful 42 | . 2 13 4 7 . 3 9 . 4 Failed 31 | . 1 5 3 1 . 5 11 . 5 Catastrophic 5 | . . 1 . . . 1 3 . . Database Lockouts . | . . . . . . . . . . Manual . | . . . . . . . . . . Terminals 47 | . 3 14 3 1 . 2 18 . 6 Fabricators 3 | . . . . . . 3 . . . Repair Stations 3 | . . . . . . 1 2 . . Recycling Units 14 | . . 2 . 7 . 2 . . 3 Scanalyzers 6 | . . 2 4 . . . . . . Garrison Access . | . . . . . . . . . . Terminal Hacks 24 | . 2 9 2 1 . 1 7 . 2 Record 3 | . . 2 . . . . 1 . . Part Schematic 1 | . . . . . . . . . 1 Prototype ID Bank 3 | . . . 1 . . . 2 . . Open DSF 1 | . . . . 1 . . . . . Emergency Access Points 1 | . . 1 . . . . . . . Alert Level 2 | . . 1 . . . . . . 1 Locate Traps 4 | . . 1 1 . . 1 1 . . Dispatch Records 1 | . . . . . . . 1 . . Maintenance Status 2 | . 1 1 . . . . . . . Reinforcement Status 2 | . . 1 . . . . 1 . . Hauler Manifests 2 | . 1 1 . . . . . . . Zone Layout 2 | . . 1 . . . . 1 . . Fabricator Hacks . | . . . . . . . . . . Repair Station Hacks 2 | . . . . . . . 2 . . Scan Component 1 | . . . . . . . 1 . . Repair 1 | . . . . . . . 1 . . Recycling Unit Hacks 12 | . . 2 . 6 . 2 . . 2 Process 5 | . . 1 . 2 . 1 . . 1 Report Inventory 2 | . . . . 2 . . . . . Retrieve Matter 5 | . . 1 . 2 . 1 . . 1 Scanalyzer 4 | . . 2 2 . . . . . . Retrieve Study 4 | . . 2 2 . . . . . . Garrison Access Hacks . | . . . . . . . . . . Unauthorized Hacks . | . . . . . . . . . . Terminals . | . . . . . . . . . . Fabricators . | . . . . . . . . . . Repair Stations . | . . . . . . . . . . Recycling Units . | . . . . . . . . . . Scanalyzers . | . . . . . . . . . . Garrison Access . | . . . . . . . . . . Data Cores Recovered . | . . . . . . . . . . Used . | . . . . . . . . . . Hacking Detections 24 | . 1 6 2 . . 4 8 . 3 Full Trace Events 1 | . . . 1 . . . . . . Feedback Events . | . . . . . . . . . . Feedback Blocked . | . . . . . . . . . . Robot Schematics Acquired . | . . . . . . . . . . Robots Built . | . . . . . . . . . . Authchips . | . . . . . . . . . . Time . | . . . . . . . . . . Total Robot Build Rating . | . . . . . . . . . . Part Schematics Acquired 1 | . . . . . . . . . 1 Parts Built . | . . . . . . . . . . Authchips . | . . . . . . . . . . Time . | . . . . . . . . . . Total Part Build Rating . | . . . . . . . . . . Part Studies Acquired 3 | . . 1 2 . . . . . . Parts Repaired 1 | . . . . . . . 1 . . Time 19 | . . . . . . . 19 . . Parts Recycled . | . . . . . . . . . . Recycled Matter 81 | . . 26 . 48 . 7 . . . Retrieved Matter 81 | . . 26 . 48 . 7 . . . Retrieved Components . | . . . . . . . . . . Parts Scanalyzed . | . . . . . . . . . . Part Schematics Acquired . | . . . . . . . . . . Parts Damaged . | . . . . . . . . . . Bothacking | -11 -10 -9 -8 -7 -7 -6 -6 -6 -5 ------------ Run | Yrd Mat Mat Mat Fac DSF Fac Ext Cet Fac Used RIF Installer . | . . . . . . . . . . Robots Hacked . | . . . . . . . . . . Non-combat . | . . . . . . . . . . Combat . | . . . . . . . . . . Robot Hacks Applied . | . . . . . . . . . . Relay Couplers Released . | . . . . . . . . . . Fabnet Peak Effective % . | . . . . . . . . . . Robots Rewired . | . . . . . . . . . . Allies Hacked . | . . . . . . . . . . Hacks Repelled . | . . . . . . . . . . Allies | -11 -10 -9 -8 -7 -7 -6 -6 -6 -5 -------- Run | Yrd Mat Mat Mat Fac DSF Fac Ext Cet Fac Total Allies . | . . . . . . . . . . Largest Group . | . . . . . . . . . . Highest-Rated Group . | . . . . . . . . . . Highest-Rated Ally . | . . . . . . . . . . Initial Warlord ECA Mod 9 | . . . . . . 9 9 9 8 Total Orders . | . . . . . . . . . . Ally Attacks . | . . . . . . . . . . Total Damage . | . . . . . . . . . . Kills . | . . . . . . . . . . Allies Corrupted . | . . . . . . . . . . Allies Melted . | . . . . . . . . . . Intel | -11 -10 -9 -8 -7 -7 -6 -6 -6 -5 ------- Run | Yrd Mat Mat Mat Fac DSF Fac Ext Cet Fac Active Infowar (turns) 999 | . . 249 . . . 387 363 . . Sensors 750 | . . . . . . 387 363 . . ECM 249 | . . 249 . . . . . . . Robot Analysis Total . | . . . . . . . . . . Derelict Logs Recovered . | . . . . . . . . . . Drone Launches . | . . . . . . . . . . Drone Recoveries . | . . . . . . . . . . Exploration | -11 -10 -9 -8 -7 -7 -6 -6 -6 -5 ------------- Run | Yrd Mat Mat Mat Fac DSF Fac Ext Cet Fac Turns Passed 4034 | 60 339 729 302 131 273 472 884 80 764 Spaces Moved 2364 | 39 181 471 199 128 132 341 484 53 336 Core 6 | 3 3 . . . . . . . . Treads 5 | . . . . . 5 . . . . Legs 2236 | 36 61 471 199 128 127 341 484 53 336 Wheels 117 | . 117 . . . . . . . . Hover . | . . . . . . . . . . Flight . | . . . . . . . . . . Fastest Speed 50 | 50 90 105 93 93 85 116 116 120 120 Average Speed 126 | 117 130 120 101 93 108 116 121 120 189 Slowest Speed 450 | 120 450 190 178 93 240 117 190 120 330 Overloaded Moves . | . . . . . . . . . . Propulsion Burnouts . | . . . . . . . . . . Robots Hopped . | . . . . . . . . . . Potential Cave-ins . | . . . . . . . . . . Cave-ins Triggered . | . . . . . . . . . . Exploration Rate (%) 31 | 4 46 27 23 5 93 9 70 22 11 Regions Visited 9 Branch Regions 2 Pre-discovered Areas . | . . . . . . . . . . Known Exits Taken 1 | . . . . 1 . . . . . Unknown Exits Taken 7 | 1 1 1 1 . . 1 1 1 . Scrap Searched . | . . . . . . . . . . Spaces Dug . | . . . . . . . . . . Terrain Destroyed 146 | . 19 . 24 . . 91 1 1 10 Melee . | . . . . . . . . . . Projectile 8 | . . . . . . . . 1 7 AOE 137 | . 19 . 24 . . 91 . . 3 Terrain Rammed . | . . . . . . . . . . Walls Destroyed . | . . . . . . . . . . Machines Disabled . | . . . . . . . . . . Actions | -11 -10 -9 -8 -7 -7 -6 -6 -6 -5 --------- Run | Yrd Mat Mat Mat Fac DSF Fac Ext Cet Fac Total 2933 | 50 230 554 259 134 205 394 646 60 401 Wait 44 | . . 1 . . 6 1 35 . 1 Move 2355 | 38 180 470 198 127 131 340 483 52 336 Hop . | . . . . . . . . . . Pick Up 88 | 6 4 16 9 1 15 15 13 . 9 Fast Attach 37 | 6 4 4 5 1 6 1 8 . 2 Attach 57 | . 2 3 3 2 11 9 11 4 12 Detach 19 | . 3 3 2 1 2 3 3 . 2 Swap 21 | . 1 2 4 . . 2 7 . 5 Drop 72 | . 5 14 14 . 7 11 14 . 7 Fire 231 | . 31 41 24 2 26 12 64 4 27 Melee . | . . . . . . . . . . Ram . | . . . . . . . . . . Kick . | . . . . . . . . . . Crush . | . . . . . . . . . . Escape Stasis 9 | . . . . . 1 . 8 . . Rewire . | . . . . . . . . . . Trap . | . . . . . . . . . . Miscellaneous . | . . . . . . . . . . Route ------- -11/Scrapyard -10/Materials (discovered 2 exits: *Mat / [*Min]) -9/Materials (discovered 2 exits: *Mat / [*Min]) -8/Materials -7/Factory -7/DSF -6/Factory -6/Extension (discovered 2 exits: *Fac / [*Cet]) -6/Cetus -5/Factory History --------- Turn | Location | Event 11 | -11/Scrapyard | Discovered new exit (range 16) 61 | -11/Scrapyard | Entered Materials 186 | -10/Materials | Discovered new exit (range 11) 266 | -10/Materials | Discovered new exit (range 15) 339 | -10/Materials | Build established: Mutant 400 | -10/Materials | Entered another Materials area 400 | -9/Materials | Evolved 2 slots: Propulsion x2 421 | -9/Materials | Discovered new exit (range 10) 630 | -9/Materials | Discovered new exit (range 8) 1129 | -9/Materials | Entered another Materials area 1129 | -8/Materials | Evolved 2 slots: Power x1, Weapon x1 1362 | -8/Materials | Discovered new exit (range 16) 1431 | -8/Materials | Entered Factory 1431 | -7/Factory | Evolved 2 slots: Utility x1, Weapon x1 1475 | -7/Factory | Build established: Gunner 1562 | -7/Factory | Identified exit to DSF 1562 | -7/Factory | Entered DSF 1586 | -7/DSF | Additional patrols routed to DSF 1660 | -7/DSF | Lost 6 parts (1p1n1u3w) 1738 | -7/DSF | Sterilization system engaged 1752 | -7/DSF | Destroyed 8 combat bots 1758 | -7/DSF | Ambient heat levels rising (+10) 1758 | -7/DSF | Lost 8 parts (1p5n1u1w) 1773 | -7/DSF | Ambient heat levels rising (+10) 1788 | -7/DSF | Ambient heat levels rising (+10) 1803 | -7/DSF | Ambient heat levels rising (+10) 1815 | -7/DSF | Discovered new exit (range 15) 1818 | -7/DSF | Ambient heat levels rising (+10) 1833 | -7/DSF | Ambient heat levels rising (+10) 1835 | -7/DSF | Entered Factory 1835 | -6/Factory | Evolved 2 slots: Propulsion x1, Utility x1 2212 | -6/Factory | Build established: Scavenger-Skirmisher 2257 | -6/Factory | Discovered new exit (range 16) 2307 | -6/Factory | Entered Extension 2617 | -6/Extension | Spotted B-75 Beast 2684 | -6/Extension | Destroyed B-75 Beast 2707 | -6/Extension | Lost 3 parts (2n1u) 2718 | -6/Extension | Build established: Scavenger-Tank 2755 | -6/Extension | Spotted B-75 Beast 2786 | -6/Extension | Destroyed B-75 Beast 2808 | -6/Extension | Lost 4 parts (1u3w) 3127 | -6/Extension | Repaired Carbon-fiber Leg 3172 | -6/Extension | Discovered new exit (range 10) 3173 | -6/Extension | Discovered new exit (range 6) 3191 | -6/Extension | Entered Cetus 3206 | -6/Cetus | Spotted Cetus Guard 3206 | -6/Cetus | Spotted Cetus Guard 3210 | -6/Cetus | Spotted Cetus Guard 3210 | -6/Cetus | Spotted Cetus Guard 3253 | -6/Cetus | Discovered new exit (range 16) 3271 | -6/Cetus | Entered Factory 3271 | -5/Factory | Evolved 2 slots: Utility x2 3275 | -5/Factory | Lost 4 parts (1p1u2w) 3570 | -5/Factory | Spotted B-75 Beast 3816 | -5/Factory | Destroyed B-75 Beast 4023 | -5/Factory | Core integrity fell below 50% 4035 | -5/Factory | Core integrity fell below 20% 4036 | -5/Factory | Core destroyed Last Messages --------------- shutdown. 04028_ Overheating: Matter decay (-24). 04028_ K-01 Serf collects debris. 04028_ System corrupted: Hvy. Plasma Cannon failed to cycle. 04030_ Power failure, Rnf. Fission Core shutdown. 04031_ Slug penetrates Earth. 04032_ System corrupted: FCS attempts to trigger Proton Cannon. 04032_ System corrupted: Proton Cannon misfires. 04032_ K-01 Serf collects debris. 04033_ Overheating: System interference. 04033_ Hvy. Plasma Cannon temporarily disabled. 04035_ Overheating: Core damaged (-140). 04035_ K-01 Serf collects debris. 04035_ Penetrated by Slug. 04035_ Imp. Heavy Armor Plating destroyed. 04035_ Knocked back. 04036_ Overheating: Core damaged (-200). Map ----- +----------------------------------------------------+ | ????# "T """" # """ !! ??????? | | ????# "" """" # """ ???????? | | ????# "" """" # """ ???????? | | ????# ! """" # """ ####????????? | | ????# """" # ############# | | ????# """" # """ """ # | | ????# """" # """ """ % "" | | ????# # """ """ + " | | ????# # """ """ # | | ????############## % ! # | | ?????????????????######## %"=% # | | ????????????????????????# %%"" # | | ????????????????????????# """ # """"" | | ????????????????????????# """ + [ """"" | | ????????????????????????#!// # """ | | ????????????????????????#!/! """ # | | ????????????????????????#!/ """ | # | | ?????????????#######?#### """ ####+######## | | ???????????###;;;;;### ## """ #?????? | | ???????????# # #?????? | | ??????????## | # """ """ ?????? | | ??????????# %% + """ """ #?????? | | ??????????# # %"" "%" #?????? | | ??????????# %"" %%%A #?????? | | ??????????# p %% =%R #?????? | | ??????????# #@ %"% [=[u # ????? | | ??????????## % %% %H R ?? | | ???????????# k ""% %"Y" ?? | | ???????????# # """ """ ?? | | ???????????# ?? | | ???????????# ! % % g ?? | | ???????????###### # # ###+########## T#### ?? | | ????????????### # # ????????????###????????? | | ??????????????######## =???????????????????????? | | ?????????????????????# =???????????????????????? | | ?????????????????????# ????????????????????????? | | ?????????????????????# ""????????????????????????? | | ?????????????????????? ??????????????????????????? | | ?????????????????????????????????????????????????? | | ?????????????????????????????????????????????????? | | ?????????????????????????????????????????????????? | | ?????????????????????????????????????????????????? | | ?????????????????????????????????????????????????? | | ?????????????????????????????????????????????????? | | ?????????????????????????????????????????????????? | | ?????????????????????????????????????????????????? | | ?????????????????????????????????????????????????? | | ?????????????????????????????????????????????????? | | ?????????????????????????????????????????????????? | | ?????????????????????????????????????????????????? | +----------------------------------------------------+ Best States ------------- Heat Dissipation 78 Coolant Potential 50 Energy Generation 33 Energy Capacity 815 Matter Stores 300 Matter Capacity 300 Sight Range 16 Robot Scan Range 15 Terrain Scan Density 10 ECM Strength 1 Armor Coverage 600 Resistance: EX 50 Resistance: EM 15 Evasion (%) 56 Recoil Reduction 2 Offensive Hacking 10 Defensive Hacking 10 Item Schematics ----------------- Hvy. Phase Cannon | -5/Factory | Hacked Robot Schematics ------------------ None Fabricated ------------ Nothing Repaired ---------- Carbon-fiber Leg | 23% | -6/Extension Studied --------- Aluminum Leg | -9/Materials | Hacked VSS Leg | -8/Materials | Hacked Lgt. Nuclear Core | -8/Materials | Hacked Alien Tech Used ----------------- None Achievements -------------- Hot Goods Hydra Sprinter Window Shopping Challenges ------------ None Game ------ Seed FactoryHypertargetingArray Manual? 0 Play Time 01:47:19 Cumulative 42.5 hours Start 2026.04.10 @ 19:06:09 End 2026.04.12 @ 23:21:27 Sessions 1 Manual Loads 0 Difficulty Rogue Special Mode None Game No. 25 Rogue 25 Adventurer 0 Explorer 0 Win Type - Total 0 Types 0/0/0/0/0/0/0/0/0/0 Lore% 10 Gallery% 24 Achievement% 18 Wizard Run 0 Options --------- Layout 1 ASCII 1 Keyboard 1 Movement Numpad Keybinds 0 Fullscreen 1 Font 24/Smallcaps Map View 50x35 Zoom Use 0% Tactical HUD 1 Map Filters NONE Filters NONE Steam 1 RUN: 1e2a2d08-faf7-4a35-8a20-f6a760ae97a9